 Dungeon Crawl Stone Soup version 0.30-a0-723-gc1506a1cf0 (webtiles) character file.

Game seed: 8159579294740219892

163424 scionoferis the Carver (level 16, -2/134 HPs)
             Began as a Demigod Ice Elementalist on Jan 23, 2023.
             Slain by Arachne
             ... wielding a staff of poison
              (21 damage)
             ... on level 4 of the Spider Nest on Jan 28, 2023.
             The game lasted 03:40:01 (43494 turns).

scionoferis the Carver (Demigod Ice Elementalist)  Turns: 43494, Time: 03:40:02

Health: -2/134     AC: 17    Str: 12 (13) XL:     16   Next: 69%
Magic:  1/35       EV: 19    Int: 27 (29) God:
Gold:   1346       SH:  5    Dex: 14 (18) Spells: 14/35 levels left

rFire   . . .      SeeInvis .    a - +4 demon blade (elec)
rCold   . . .      Faith    .    s - +0 buckler
rNeg    + . .      Spirit   .    w - +4 ring mail of Card Tricks {Rampage Drain Will+}
rPois   +          Reflect  .    e - +2 helmet
rElec   .          Harm     .    C - +0 cloak
rCorr   .          Rampage  +    B - +0 pair of gloves
Will    +++++      Clarity  +    u - +0 pair of boots
Stlth   ++                       j - amulet of the Four Winds {rN+ Will+++ Clar}
HPRegen 0.42/turn                b - +5 ring of evasion
MPRegen 0.24/turn                t - ring of poison resistance

@: studying Dodging
A: high MP 1, forlorn, divine attributes
a: no special abilities


You were on level 4 of the Spider Nest.
You visited 4 branches of the dungeon, and saw 26 of its levels.
You also visited: Bailey and Gauntlet.

You collected 2249 gold pieces.
You spent 903 gold pieces at shops.


Innate Abilities, Weirdness & Mutations

You have an increased reservoir of magic. (+10% MP)
You shall have no god before yourself.
Your divine heritage dramatically boosts your attributes as you level up.


   Skills:
 - Level 10.0 Fighting
 - Level 14.0 Long Blades
 - Level 6.0 Armour
 + Level 11.0 Dodging
 - Level 6.0 Stealth
 - Level 6.0 Shields
 + Level 10.3 Spellcasting
 * Level 11.1 Conjurations
 * Level 4.5 Fire Magic
 - Level 9.0 Ice Magic
 - Level 8.0 Air Magic
 - Level 6.0 Evocations


You had 14 spell levels left.
You knew the following spells:

 Your Spells              Type           Power      Damage    Failure   Level
a - Freeze                Ice            100%       1d10      1%          1
b - Frozen Ramparts       Ice            100%       1d16      1%          3
c - Ozocubu's Armour      Ice            58%        N/A       1%          3
d - Freezing Cloud        Conj/Ice/Air   29%        6-21      6%          5
e - Swiftness             Air            54%        N/A       1%          3
f - Fireball              Conj/Fire      27%        3d12      12%         5
g - Apportation           Tloc           26%        N/A       11%         1

Your spell library contained the following spells:

 Spells                   Type           Power      Damage    Failure   Level
 Kiss of Death            Conj/Necr      100%       2d13      1%          1
 Shock                    Conj/Air       100%       1d9       1%          1
 Static Discharge         Conj/Air       100%       2-7/arc   1%          2
 Poisonous Vapours        Pois/Air       70%        N/A       3%          2
 Iskenderun's Battlesphe  Conj           65%        2d11      3%          5
 Airstrike                Air            27%        2d(4-20)  4%          4
 Vhi's Electric Charge    Tloc/Air       70%        N/A       6%          3
 Arcjolt                  Conj/Air       30%        1d40      6%          5
 Lightning Bolt           Conj/Air       30%        1d47      6%          5
 Necrotise                Necr           52%        1d6       11%         1
 Sting                    Tmut/Pois      52%        1d5       11%         1
 Summon Ice Beast         Ice/Summ       38%        N/A       17%         4
 Confusing Touch          Hex            13%        N/A       32%         3
 Gell's Gravitas          Tloc           13%        N/A       32%         3
 Portal Projectile        Hex/Tloc       26%        N/A       32%         3
 Teleport Other           Tloc           13%        N/A       32%         3
 Tukima's Dance           Hex            13%        N/A       32%         3
 Vampiric Draining        Necr           13%        2d6       32%         3
 Conjure Ball Lightning   Conj/Air       30%        3x3d10    32%         6
 Metabolic Englaciation   Hex/Ice        19%        N/A       43%         5
 Silence                  Hex/Air        17%        N/A       52%         5
 Orb of Destruction       Conj           32%        9d10      67%         7
 Animate Armour           Summ/Erth      26%        N/A       73%         4
 Cause Fear               Hex            6%         N/A       73%         4
 Dispel Undead            Necr           13%        3d9       73%         4
 Olgreb's Toxic Radiance  Pois           13%        N/A       73%         4
 Passage of Golubria      Tloc           13%        N/A       73%         4
 Petrify                  Tmut/Erth      13%        N/A       73%         4
 Iron Shot                Conj/Erth      21%        9d5       86%         6
 Agony                    Necr           13%        N/A       97%         5
 Alistair's Intoxication  Tmut/Pois      8%         N/A       97%         5
 Blade Hands              Tmut           6%         N/A       97%         5
 Yara's Violent Unravell  Hex/Tmut       6%         3d5       97%         5
 Dispersal                Tloc           6%         N/A       100%        6
 Statue Form              Tmut/Erth      8%         N/A       100%        6
 Dragon Form              Tmut           6%         N/A       100%        7
 Enfeeble                 Hex            6%         N/A       100%        7
 Lehudib's Crystal Spear  Conj/Erth      21%        10d6      100%        8
 Chain Lightning          Conj/Air       30%        3d40      100%        9
 Dragon's Call            Summ           6%         N/A       100%        9
 Fire Storm               Conj/Fire      27%        8d7       100%        9
 Shatter                  Erth           6%         3d9*      100%        9

Inventory:

Hand Weapons
 a - a +4 demon blade of electrocution (weapon)
   (You took it off Mara on level 3 of the Spider Nest)
 d - a +3 dagger of venom
   (You took it off Sonja on level 13 of the Dungeon)
 h - a +2 scimitar of flaming
   (You took it off Erica on level 10 of the Dungeon)
Missiles
 c - 17 boomerangs
 o - 31 javelins
 L - a throwing net
 V - a curare-tipped dart
 X - 4 poisoned darts (quivered)
Armour
 e - a +2 helmet (worn)
   (You found it on level 1 of the Dungeon)
 s - a +0 buckler (worn)
   (You found it on level 3 of the Dungeon)
 u - a +0 pair of boots (worn)
   (You found it on level 1 of the Lair of Beasts)
 w - the +4 ring mail of Card Tricks (worn) {Rampage Drain Will+}
   (You took it off a minotaur in a Gauntlet)

   Drain:     It drains your maximum health when unequipped.
   Rampage:   It bestows one free step when moving towards enemies.
   Will:      It increases your willpower.
 B - a +0 pair of gloves (worn)
   (You found it on level 5 of the Dungeon)
 C - a +0 cloak (worn)
   (You found it on level 5 of the Dungeon)
 I - a +3 ring mail of fire resistance
   (You took it off Urug on level 3 of the Lair of Beasts)
 U - a +0 leather armour of cold resistance
   (You took it off a gnoll bouda on level 8 of the Dungeon)
Jewellery
 b - a +5 ring of evasion (left hand)
   (You found it on level 1 of the Lair of Beasts)
 j - the amulet of the Four Winds (around neck) {rN+ Will+++ Clar}
   (You found it in a Gauntlet)

   [amulet of nothing]

   rN:        It protects you from negative energy.
   Clar:      It protects you against confusion.
   Will:      It greatly increases your willpower.
 m - an amulet of reflection
   (You found it on level 2 of the Dungeon)
 t - a ring of poison resistance (right hand)
   (You found it on level 1 of the Lair of Beasts)
 v - a ring of positive energy
   (You found it on level 3 of the Spider Nest)
 x - a ring of wizardry
   (You found it on level 3 of the Spider Nest)
 F - an amulet of magic regeneration
   (You found it on level 4 of the Spider Nest)
Wands
 y - a wand of flame (22)
   (You found it in a Gauntlet)
 A - a wand of paralysis (4)
   (You found it in a Gauntlet)
 E - a wand of roots (28)
   (You found it on level 6 of the Dungeon)
 O - a wand of mindburst (19)
   (You found it on level 7 of the Dungeon)
Scrolls
 f - 4 scrolls of fog
 k - 13 scrolls of teleportation
 p - a scroll of butterflies
 q - 4 scrolls of silence
 D - a scroll of blinking
 J - 3 scrolls of magic mapping
 N - 3 scrolls of poison
 S - 3 scrolls of vulnerability
Potions
 i - 4 potions of mutation
 n - a potion of brilliance
 r - 3 potions of ambrosia
 z - 5 potions of curing
 H - a potion of cancellation
 K - 5 potions of flight
 M - 2 potions of resistance
 T - a potion of might
 W - a potion of invisibility
 Z - a potion of haste

Dungeon Overview and Level Annotations

Branches:
Dungeon (15/15)            Temple (0/1) D:5            Lair (5/5) D:9
 Shoals (0/4) Lair:3       Spider (4/4) Lair:2        Slime (0/5) Lair:5
    Orc (2/2) D:12            Elf (0/3) Orc:2        Vaults (0/5) D:14
 Depths (0/4) D:15         Bailey (visited)         Gauntlet (visited)

Shops:
D:4 !   D:7 :   Orc:2 ??(*=

Portals:
Pandemonium: Orc:2

Annotations:
Spider:2 3 runed translucent doors, purpskrrrp's ghost, adept MfFi
Spider:3 2 transporters, Jufurghi's ghost, adept OpTm
Spider:4 exclusion: 3 doors, Arachne

..#...............^....#......^##
.##............^.........#^#..##
###......#...............####.#
#.#.^......#####.^.#####..# ###
..##.#..#.## #...# ##.#
#.####..### #...# ### ### ####
#..^# ^##### #..^# ...#.# #@H§#
.....# #§§§# .....# §§§☼§§.
....## .☼§..§§§# ....##
.§^○§°§§§# .....# ..§§§§☼§...#
.....# #.°§§§§§§..^# ....^#
...#.....#... ....^#


You could see Arachne.


Message History

The floor, spattered with blood.
You hit the emperor scorpion but do no damage.
The emperor scorpion is severely wounded.
The wall freezes the emperor scorpion!
You block the emperor scorpion's attack.
The emperor scorpion barely misses you.
The emperor scorpion completely misses you.
The wall freezes the emperor scorpion but does no damage.
You block the emperor scorpion's attack.
The emperor scorpion misses you. The emperor scorpion claws you!
The wall freezes the emperor scorpion.
The emperor scorpion misses you. The emperor scorpion barely misses you.
The emperor scorpion completely misses you.
The emperor scorpion is engulfed in freezing vapours.
The wall freezes the emperor scorpion but does no damage.
The emperor scorpion barely misses you.
The emperor scorpion completely misses you.
The emperor scorpion barely misses you.
You barely miss the emperor scorpion.
The emperor scorpion is severely wounded.
The emperor scorpion is engulfed in freezing vapours.
The wall freezes the emperor scorpion!
You hit the emperor scorpion.
The emperor scorpion is severely wounded.
The emperor scorpion is engulfed in freezing vapours.
The wall freezes the emperor scorpion but does no damage.
The emperor scorpion closely misses you.
The emperor scorpion claws you but does no damage. x2
The wall freezes the emperor scorpion.
You block the emperor scorpion's attack.
The emperor scorpion misses you.
The emperor scorpion closely misses you.
The wall freezes the emperor scorpion but does no damage.
The emperor scorpion completely misses you.
You block the emperor scorpion's attack.
The emperor scorpion claws you but does no damage.
The wall freezes the emperor scorpion but does no damage.
The emperor scorpion stings you. The emperor scorpion claws you.
The emperor scorpion completely misses you.
The wall freezes the emperor scorpion but does no damage.
You barely miss the emperor scorpion.
The emperor scorpion is severely wounded.
The emperor scorpion is engulfed in freezing vapours.
The wall freezes the emperor scorpion!
The emperor scorpion barely misses you.
The emperor scorpion closely misses you.
The emperor scorpion misses you.
The wall freezes the emperor scorpion.
The emperor scorpion stings you.
You are poisoned.
The emperor scorpion poisons you!
The emperor scorpion completely misses you.
The emperor scorpion claws you.
The wall freezes the emperor scorpion but does no damage.
The emperor scorpion completely misses you.
The emperor scorpion claws you but does no damage. x2
The emperor scorpion is engulfed in freezing vapours.
The wall freezes the emperor scorpion but does no damage.
The emperor scorpion closely misses you.
The emperor scorpion claws you but does no damage.
You block the emperor scorpion's attack.
The emperor scorpion is engulfed in freezing vapours.
The wall freezes the emperor scorpion.
As you read the scroll of fear, it crumbles to dust.
You assume a fearsome visage.
The emperor scorpion looks frightened! x3
The emperor scorpion resists with some effort.
The emperor scorpion resists with almost no effort.
* * * LOW HITPOINT WARNING * * *
You feel extremely sick.
The emperor scorpion is engulfed in freezing vapours.
The wall freezes the emperor scorpion but does no damage.
The emperor scorpion barely misses you. The emperor scorpion claws you.
* * * LOW HITPOINT WARNING * * *
You block the emperor scorpion's attack.
The wall freezes the emperor scorpion.
The emperor scorpion stings you!!
* * * LOW HITPOINT WARNING * * *
The emperor scorpion misses you. The emperor scorpion claws you.
* * * LOW HITPOINT WARNING * * *
The wall freezes the emperor scorpion but does no damage.
The wall freezes the emperor scorpion!
Your attack snaps the emperor scorpion out of its fear.
The wall freezes the emperor scorpion but does no damage.
Blink to where?
Press: ? - help, Dir - move target Your icy armour and frozen ramparts will break if you move.
Continue?
Your icy armour cracks and falls away as you move.
The frozen ramparts melt away as you move.
As you read the scroll of blinking, it crumbles to dust.
* * * LOW HITPOINT WARNING * * *
You feel extremely sick.
You feel better.
Casting: Frozen Ramparts (safe; 1% risk of failure)
Confirm with . or Enter, or press ? or * to list all spells.
Aiming: Freezing Cloud (dangerous; 7% risk of failure)
Press: ? - help, Dir - move target The emperor scorpion is engulfed in freezing vapours.
Press: ? - help, v - describe, . - travel
Here: an emperor scorpion (freezing vapour, heavily wounded)
The floor.
Unknown command.
Aiming: Fastroot
Press: ? - help, Shift-Dir - straight line The roots erupt in riotous growth!
Roots grab the emperor scorpion.
The grasping roots constrict the emperor scorpion, but do no damage.
The emperor scorpion is engulfed in freezing vapours.
The emperor scorpion struggles to escape constriction.
Casting: Freezing Cloud (dangerous; 7% risk of failure)
Confirm with . or Enter, or press ? or * to list all spells.
Aiming: Freezing Cloud (dangerous; 7% risk of failure)
Press: ? - help, Dir - move target You miscast Freezing Cloud.
You are very lightly contaminated with residual magic.
You are blasted with air!
* * * LOW HITPOINT WARNING * * *
The grasping roots constrict the emperor scorpion!
The emperor scorpion is engulfed in freezing vapours.
The emperor scorpion struggles to escape constriction.
The emperor scorpion is engulfed in freezing vapours.
Unknown command.
You feel much better.
The grasping roots constrict the emperor scorpion.
The emperor scorpion seems to regain its courage.
The roots release their grip on the emperor scorpion.
Casting: Freezing Cloud (dangerous; 7% risk of failure)
Confirm with . or Enter, or press ? or * to list all spells.
Okay, then.
Aiming: Fastroot
Press: ? - help, Shift-Dir - straight line, f - emperor scorpion
Aim: an emperor scorpion (freezing vapour, severely wounded)
The roots erupt in riotous growth!
Roots grab the emperor scorpion. x2
The grasping roots constrict the emperor scorpion, but do no damage. x2
The emperor scorpion is engulfed in freezing vapours.
The emperor scorpion struggles to escape constriction.
The emperor scorpion is engulfed in freezing vapours.
The emperor scorpion struggles to escape constriction.
The grasping roots constrict the emperor scorpion, but do no damage.
The grasping roots constrict the emperor scorpion.
The emperor scorpion is engulfed in freezing vapours.
The emperor scorpion escapes!
The emperor scorpion is engulfed in freezing vapours.
The emperor scorpion struggles to escape constriction.
The emperor scorpion escapes!
The emperor scorpion is engulfed in freezing vapours.
Aiming: Mindburst
Press: ? - help, Shift-Dir - straight line, f/p - emperor scorpion
Aim: an emperor scorpion (freezing vapour, almost dead, chance to affect: 53%)
The emperor scorpion resists with significant effort.
The emperor scorpion misses you.
The emperor scorpion claws you but does no damage. x2
Aiming: Mindburst
Press: ? - help, Shift-Dir - straight line, f/p - emperor scorpion
Aim: an emperor scorpion (almost dead, chance to affect: 53%)
The emperor scorpion's mind is blasted!!
You blow up the emperor scorpion!
The emperor scorpion is engulfed in freezing vapours. x2
You feel your intelligence returning.
Aiming: Mindburst
Press: ? - help, Shift-Dir - straight line, f/p - emperor scorpion
Aim: an emperor scorpion (almost dead, chance to affect: 53%)
The emperor scorpion resists with significant effort.
The emperor scorpion barely misses you.
You block the emperor scorpion's attack. x2
An emperor scorpion comes into view.
Casting: Freezing Cloud (dangerous; 7% risk of failure)
Confirm with . or Enter, or press ? or * to list all spells.
Aiming: Freezing Cloud (dangerous; 7% risk of failure)
Press: ? - help, Dir - move target, p - emperor scorpion That beam is likely to hit you.
Continue anyway?
You are engulfed in freezing vapours.
* * * LOW HITPOINT WARNING * * *
The emperor scorpion is engulfed in freezing vapours. x2
The emperor scorpion completely misses you.
The emperor scorpion claws you but does no damage.
The emperor scorpion completely misses you.
The emperor scorpion is engulfed in freezing vapours.
The emperor scorpion misses you.
You block the emperor scorpion's attack.
The emperor scorpion claws you.
* * * LOW HITPOINT WARNING * * *
The emperor scorpion is engulfed in freezing vapours.
The emperor scorpion closely misses you.
The emperor scorpion completely misses you.
The emperor scorpion barely misses you.
The emperor scorpion is engulfed in freezing vapours.
You kill the emperor scorpion!
The emperor scorpion is engulfed in freezing vapours.
The emperor scorpion barely misses you.
The emperor scorpion claws you but does no damage. x2
You block the emperor scorpion's attack.
The emperor scorpion claws you.
* * * LOW HITPOINT WARNING * * *
The emperor scorpion completely misses you.
You feel much better.
The emperor scorpion is engulfed in freezing vapours. x2
You block the emperor scorpion's attack. x2
The emperor scorpion claws you but does no damage.
The emperor scorpion is engulfed in freezing vapours.
You kill the emperor scorpion!
You hit the emperor scorpion but do no damage.
The emperor scorpion is almost dead.
The emperor scorpion is engulfed in freezing vapours. x2
The emperor scorpion stings you!
* * * LOW HITPOINT WARNING * * *
The emperor scorpion misses you.
The emperor scorpion closely misses you.
You slash the emperor scorpion!
You kill the emperor scorpion!
You feel your dexterity returning.
Aiming: Fastroot
Press: ? - help, Shift-Dir - straight line, f - emperor scorpion
Aim: an emperor scorpion (freezing vapour, lightly wounded)
The roots erupt in riotous growth!
Roots grab the emperor scorpion.
The grasping roots constrict the emperor scorpion.
The emperor scorpion struggles to escape constriction.
The grasping roots constrict the emperor scorpion, but do no damage.
The roots release their grip on the emperor scorpion.
The emperor scorpion is engulfed in freezing vapours.
Your magical contamination has completely faded away.
Aiming: Fastroot
Press: ? - help, Shift-Dir - straight line, f/p - emperor scorpion
Aim: an emperor scorpion (freezing vapour, lightly wounded)
The roots erupt in riotous growth!
Roots grab the emperor scorpion.
The grasping roots constrict the emperor scorpion, but do no damage.
The emperor scorpion struggles to escape constriction.
The grasping roots constrict the emperor scorpion, but do no damage.
The emperor scorpion is engulfed in freezing vapours.
The emperor scorpion struggles to escape constriction.
The grasping roots constrict the emperor scorpion.
The roots release their grip on the emperor scorpion.
Casting: Freezing Cloud (dangerous; 7% risk of failure)
Confirm with . or Enter, or press ? or * to list all spells.
Aiming: Freezing Cloud (dangerous; 7% risk of failure)
Press: ? - help, Dir - move target, f/p - emperor scorpion
Aim: an emperor scorpion (lightly wounded) That beam is likely to hit you.
Continue anyway?
The emperor scorpion is engulfed in freezing vapours.
Casting: Freezing Cloud (dangerous; 7% risk of failure)
Confirm with . or Enter, or press ? or * to list all spells.
A film of ice covers your body!
The emperor scorpion is engulfed in freezing vapours.
The emperor scorpion stings you!
* * * LOW HITPOINT WARNING * * *
You block the emperor scorpion's attack.
The emperor scorpion misses you.
You slash the emperor scorpion!
The emperor scorpion is heavily wounded.
The emperor scorpion is engulfed in freezing vapours.
The emperor scorpion closely misses you.
You block the emperor scorpion's attack.
The emperor scorpion completely misses you.
You closely miss the emperor scorpion.
The emperor scorpion is severely wounded.
The emperor scorpion is engulfed in freezing vapours.
The emperor scorpion completely misses you.
You block the emperor scorpion's attack.
The emperor scorpion barely misses you.
You slash the emperor scorpion!
The emperor scorpion is severely wounded.
The emperor scorpion is engulfed in freezing vapours.
You hit the emperor scorpion.
The emperor scorpion is almost dead.
You block the emperor scorpion's attack.
The emperor scorpion completely misses you.
The emperor scorpion claws you but does no damage.
The emperor scorpion is engulfed in freezing vapours.
You hit the emperor scorpion.
Lightning courses through the emperor scorpion!
The emperor scorpion is almost dead.
The emperor scorpion is engulfed in freezing vapours.
The emperor scorpion closely misses you.
The emperor scorpion claws you but does no damage.
The emperor scorpion closely misses you.
You slash the emperor scorpion!
You kill the emperor scorpion!
The emperor scorpion is engulfed in freezing vapours.
Aiming: Fastroot
Press: ? - help, Shift-Dir - straight line, f - emperor scorpion
Aim: an emperor scorpion (freezing vapour, severely wounded)
The roots erupt in riotous growth!
Roots grab the emperor scorpion.
The grasping roots constrict the emperor scorpion, but do no damage.
The emperor scorpion is engulfed in freezing vapours.
The emperor scorpion escapes!
Aiming: Fastroot
Press: ? - help, Shift-Dir - straight line, f/p - emperor scorpion
Aim: an emperor scorpion (freezing vapour, severely wounded)
The roots erupt in riotous growth!
Roots grab the emperor scorpion.
The grasping roots constrict the emperor scorpion.
The emperor scorpion is engulfed in freezing vapours.
The emperor scorpion struggles to escape constriction.
The grasping roots constrict the emperor scorpion!
The emperor scorpion struggles to escape constriction.
The emperor scorpion is engulfed in freezing vapours.
The emperor scorpion struggles to escape constriction.
The grasping roots constrict the emperor scorpion, but do no damage.
The roots release their grip on the emperor scorpion.
You slash the emperor scorpion!
You kill the emperor scorpion!
You start resting.
Your icy armour starts to melt.
You start resting.
Your icy armour evaporates.
You start resting.
Magic restored.
You start resting.
HP restored.
You now have 1346 gold pieces (gained 10).
Okay, then.
A redback comes into view.
Casting: Ozocubu's Armour (safe; 1% risk of failure)
Confirm with . or Enter, or press ? or * to list all spells.
Casting: Frozen Ramparts (safe; 1% risk of failure)
Press: ? - help, Dir - look around, f - activate The walls around you are covered in ice.
The teleport trap disappears.
The redback disappears!
The redback reappears nearby!
You hit the redback. Lightning courses through the redback!
The redback is heavily wounded.
The wall freezes the redback.
You block the redback's attack.
You slash the redback!
The redback is almost dead.
The wall freezes the redback.
You kill the redback!
Magic restored.
The frozen ramparts melt away as you move.
You are caught in the web!
There is a web here.
You disentangle yourself.
A redback comes into view.
The redback moves out of view.
Casting: Frozen Ramparts (safe; 1% risk of failure)
Confirm with . or Enter, or press ? or * to list all spells.
Casting: Frozen Ramparts (safe; 1% risk of failure)
Press: ? - help, Dir - look around, f - activate The walls around you are covered in ice.
The wall freezes the redback.
You closely miss the redback.
The redback is lightly wounded.
The wall freezes the redback.
You block the redback's attack.
You closely miss the redback.
The redback is moderately wounded.
The wall freezes the redback!
The redback bites you but does no damage.
You hit the redback.
The redback is severely wounded.
The wall freezes the redback.
The redback bites you!
You hit the redback.
You kill the redback!
Your Fire Magic skill increases to level 4!
You start resting.
The frozen ramparts melt away.
You start resting.
Magic restored.
You start resting.
An orb spider comes into view.
Casting: Frozen Ramparts (safe; 1% risk of failure)
Confirm with . or Enter, or press ? or * to list all spells.
Aiming: Freezing Cloud (dangerous; 6% risk of failure)
Press: ? - help, Dir - move target
Okay, then.
The orb spider's many legs skitter faintly.
Casting: Freezing Cloud (dangerous; 6% risk of failure)
Confirm with . or Enter, or press ? or * to list all spells.
Aiming: Freezing Cloud (dangerous; 6% risk of failure)
Press: ? - help, Dir - move target The orb spider is engulfed in freezing vapours.
Casting: Freezing Cloud (dangerous; 6% risk of failure)
Confirm with . or Enter, or press ? or * to list all spells.
Aiming: Freezing Cloud (dangerous; 6% risk of failure)
Press: ? - help, Dir - move target The orb spider is engulfed in freezing vapours.
The orb spider pulsates with a strange energy.
The orb spider is engulfed in freezing vapours.
The orb spider weaves a glowing orb of energy.
An orb of destruction comes into view.
The orb spider pulsates with a strange energy.
The orb spider weaves a glowing orb of energy.
An orb of destruction comes into view.
Casting: Freezing Cloud (dangerous; 6% risk of failure)
Confirm with . or Enter, or press ? or * to list all spells.
Aiming: Freezing Cloud (dangerous; 6% risk of failure)
Press: ? - help, Dir - move target The orb of destruction hits a stone wall.
The orb spider is engulfed in freezing vapours.
You kill the orb spider!
You start resting.
A redback comes into view.
You start resting.
A redback is nearby!
Casting: Freezing Cloud (dangerous; 6% risk of failure)
Confirm with . or Enter, or press ? or * to list all spells.
Casting: Frozen Ramparts (safe; 1% risk of failure)
Press: ? - help, Dir - look around, f - activate The walls around you are covered in ice.
The wall freezes the redback!
A jumping spider comes into view.
The wall freezes the redback!
A culicivora comes into view.
The jumping spider's many legs skitter faintly.
You slash the redback! Lightning courses through the redback!
You kill the redback!
Casting: Frozen Ramparts (safe; 1% risk of failure)
Confirm with . or Enter, or press ? or * to list all spells.
Aiming: Freezing Cloud (dangerous; 6% risk of failure)
Press: ? - help, Dir - move target The culicivora is engulfed in freezing vapours.
The jumping spider leaps!
The culicivora is engulfed in freezing vapours. x2
The jumping spider leaps!
The culicivora is engulfed in freezing vapours.
The wall freezes the jumping spider but does no damage.
The jumping spider leaps!
The culicivora is engulfed in freezing vapours.
You kill the culicivora!
The jumping spider leaps!
The jumping spider is engulfed in freezing vapours.
The wall freezes the jumping spider.
The jumping spider pounces on you but does no damage.
The jumping spider misses you.
You closely miss the jumping spider.
The jumping spider is moderately wounded.
The jumping spider is engulfed in freezing vapours.
The wall freezes the jumping spider.
The jumping spider closely misses you.
The jumping spider bites you but does no damage.
You barely miss the jumping spider.
The jumping spider is heavily wounded.
The jumping spider is engulfed in freezing vapours.
The wall freezes the jumping spider.
You block the jumping spider's attack.
The jumping spider bites you but does no damage.
You barely miss the jumping spider.
The jumping spider is severely wounded.
The jumping spider is engulfed in freezing vapours.
The wall freezes the jumping spider.
You kill the jumping spider!
You start resting.
The frozen ramparts melt away.
You start resting.
A tarantella comes into view.
Casting: Freezing Cloud (dangerous; 6% risk of failure)
Confirm with . or Enter, or press ? or * to list all spells.
Aiming: Freezing Cloud (dangerous; 6% risk of failure)
Press: ? - help, Dir - move target The tarantella's many legs skitter faintly.
You hear a faint skittering sound.
The tarantella is engulfed in freezing vapours.
Casting: Freezing Cloud (dangerous; 6% risk of failure)
Confirm with . or Enter, or press ? or * to list all spells.
A film of ice covers your body!
The tarantella is engulfed in freezing vapours.
A tarantella comes into view.
The tarantella is engulfed in freezing vapours.
You kill the tarantella!
The tarantella is engulfed in freezing vapours.
The tarantella is engulfed in freezing vapours.
Casting: Ozocubu's Armour (safe; 1% risk of failure)
Confirm with . or Enter, or press ? or * to list all spells.
Aiming: Freezing Cloud (dangerous; 6% risk of failure)
Press: ? - help, Dir - move target The tarantella is engulfed in freezing vapours.
A demonic crawler comes into view.
The tarantella is engulfed in freezing vapours.
You kill the tarantella!
Your icy armour will break if you move.
Continue?
Your icy armour cracks and falls away as you move.
The demonic crawler is engulfed in freezing vapours.
You see here a redback corpse.
Casting: Freezing Cloud (dangerous; 6% risk of failure)
Confirm with . or Enter, or press ? or * to list all spells.
Aiming: Freezing Cloud (dangerous; 6% risk of failure)
Press: ? - help, Dir - move target The demonic crawler gives a hideous shriek!
The demonic crawler is engulfed in freezing vapours.
Casting: Freezing Cloud (dangerous; 6% risk of failure)
Confirm with . or Enter, or press ? or * to list all spells.
Casting: Frozen Ramparts (safe; 1% risk of failure)
Press: ? - help, Dir - look around, f - activate The walls around you are covered in ice.
The demonic crawler is engulfed in freezing vapours.
Casting: Frozen Ramparts (safe; 1% risk of failure)
Confirm with . or Enter, or press ? or * to list all spells.
A film of ice covers your body!
The demonic crawler is engulfed in freezing vapours.
The demonic crawler is engulfed in freezing vapours.
You slash the demonic crawler!
The demonic crawler is heavily wounded.
The demonic crawler is engulfed in freezing vapours.
The wall freezes the demonic crawler!
The demonic crawler hits you.
The demonic crawler hits you but does no damage.
The demonic crawler barely misses you.
You slash the demonic crawler!
The demonic crawler is almost dead.
The demonic crawler is engulfed in freezing vapours.
You kill the demonic crawler!
You feel your dexterity returning.
You start resting.
HP restored.
You start resting.
The frozen ramparts melt away.
You start resting.
A tarantella comes into view.
Your icy armour will break if you move.
Continue?
Okay, then.
Casting: Ozocubu's Armour (safe; 1% risk of failure)
Confirm with . or Enter, or press ? or * to list all spells.
Casting: Frozen Ramparts (safe; 1% risk of failure)
Press: ? - help, Dir - look around, f - activate The walls around you are covered in ice.
The tarantella's many legs skitter faintly.
The wall freezes the tarantella but does no damage.
The wall freezes the tarantella!
The wall freezes the tarantella.
The tarantella touches you but does no damage.
You slash the tarantella!
Lightning courses through the tarantella!!
You kill the tarantella!
You start resting.
A redback comes into view.
A redback is nearby!
The frozen ramparts melt away.
Your icy armour will break if you move.
Continue? [Y]es or [N]o only, please.
Your icy armour will break if you move.
Continue?
Okay, then.
A tarantella comes into view.
A jorogumo comes into view.
Your icy armour will break if you move.
Continue?
Your icy armour cracks and falls away as you move.
You see here a jumping spider corpse.
You slash the redback!
The redback is moderately wounded.
The redback completely misses you.
You slash the redback!
The redback is severely wounded.
The redback bites you but does no damage.
You slash the redback!
You kill the redback!
You start resting.
A wolf spider comes into view.
Casting: Frozen Ramparts (safe; 1% risk of failure)
Confirm with . or Enter, or press ? or * to list all spells.
Casting: Frozen Ramparts (safe; 1% risk of failure)
Press: ? - help, Dir - look around, f - activate The walls around you are covered in ice.
The wall freezes the wolf spider.
The wall freezes the wolf spider!
You hit the wolf spider.
The wolf spider is moderately wounded.
The wall freezes the wolf spider!
The wolf spider barely misses you. The wolf spider bites you!
You are poisoned.
The wolf spider poisons you!
You closely miss the wolf spider.
The wolf spider is moderately wounded.
You feel very sick.
The wall freezes the wolf spider!
The wolf spider hits you but does no damage.
The wolf spider bites you.
You are more poisoned.
The wolf spider poisons you!
You slice the wolf spider!!
Lightning courses through the wolf spider!
The wolf spider is almost dead.
You feel extremely sick.
The wall freezes the wolf spider.
You kill the wolf spider!
You start resting.
You feel extremely sick. x3
You feel very sick. x4
You feel sick. x3
The frozen ramparts melt away.
You feel sick.
You start resting.
You feel sick. x5
You are no longer poisoned.
You start resting.
A tarantella is nearby!
Casting: Frozen Ramparts (safe; 1% risk of failure)
Confirm with . or Enter, or press ? or * to list all spells.
Casting: Frozen Ramparts (safe; 1% risk of failure)
Press: ? - help, Dir - look around, f - activate The walls around you are covered in ice.
The tarantella's many legs skitter faintly.
Casting: Frozen Ramparts (safe; 1% risk of failure)
Confirm with . or Enter, or press ? or * to list all spells.
A film of ice covers your body!
The wall freezes the tarantella but does no damage.
The wall freezes the tarantella.
The wall freezes the tarantella!
The tarantella misses you.
You slash the tarantella!
You kill the tarantella!
You start resting.
The frozen ramparts melt away.
You start resting.
Your icy armour starts to melt.
You start resting.
Magic restored.
You start resting.
Your icy armour evaporates.
You start resting.
A tarantella comes into view.
Casting: Ozocubu's Armour (safe; 1% risk of failure)
Confirm with . or Enter, or press ? or * to list all spells.
Casting: Frozen Ramparts (safe; 1% risk of failure)
Press: ? - help, Dir - look around, f - activate The walls around you are covered in ice.
Casting: Frozen Ramparts (safe; 1% risk of failure)
Confirm with . or Enter, or press ? or * to list all spells.
A film of ice covers your body!
The wall freezes the tarantella but does no damage.
The wall freezes the tarantella.
You slice the tarantella!!
The tarantella is severely wounded.
The wall freezes the tarantella!
You kill the tarantella!
Your Conjurations skill increases to level 11!
You start resting.
The frozen ramparts melt away.
You start resting.
Magic restored.
You start resting.
Your icy armour starts to melt.
You start resting.
Your icy armour evaporates.
You start resting.
A steelbarb worm comes into view.
Casting: Ozocubu's Armour (safe; 1% risk of failure)
Confirm with . or Enter, or press ? or * to list all spells.
Casting: Frozen Ramparts (safe; 1% risk of failure)
Press: ? - help, Dir - look around, f - activate The walls around you are covered in ice.
The wall freezes the steelbarb worm.
Casting: Frozen Ramparts (safe; 1% risk of failure)
Confirm with . or Enter, or press ? or * to list all spells.
A film of ice covers your body!
The wall freezes the steelbarb worm!
You slash the steelbarb worm!
Lightning courses through the steelbarb worm!
The steelbarb worm is heavily wounded.
The wall freezes the steelbarb worm!
The steelbarb worm hits you!
Barbed spikes become lodged in your body.
You barely miss the steelbarb worm.
The steelbarb worm is severely wounded.
The wall freezes the steelbarb worm but does no damage.
The steelbarb worm barely misses you.
You slash the steelbarb worm!
Lightning courses through the steelbarb worm!
You kill the steelbarb worm!
You start resting.
The frozen ramparts melt away.
You carefully extract the barbed spikes from your body.
A tarantella comes into view.
Casting: Ozocubu's Armour (safe; 1% risk of failure)
Confirm with . or Enter, or press ? or * to list all spells.
Casting: Frozen Ramparts (safe; 1% risk of failure)
Press: ? - help, Dir - look around, f - activate The walls around you are covered in ice.
The tarantella's many legs skitter faintly.
Casting: Frozen Ramparts (safe; 1% risk of failure)
Confirm with . or Enter, or press ? or * to list all spells.
Your icy armour thickens.
The wall freezes the tarantella.
The wall freezes the tarantella!
You slash the tarantella!
The tarantella is severely wounded.
The wall freezes the tarantella.
The tarantella touches you but does no damage.
You hit the tarantella.
Lightning courses through the tarantella!
You kill the tarantella!
You start resting.
The frozen ramparts melt away.
You start resting.
Magic restored.
You start resting.
HP restored.
Your icy armour cracks and falls away as you move.
Things that are here:
a tarantella corpse; a tarantella corpse An orb spider comes into view.
The orb spider pulsates with a strange energy.
Casting: Ozocubu's Armour (safe; 1% risk of failure)
Confirm with . or Enter, or press ? or * to list all spells.
Casting: Frozen Ramparts (safe; 1% risk of failure)
Press: ? - help, Dir - look around, f - activate
Okay, then.
The orb spider weaves a glowing orb of energy.
An orb of destruction comes into view.
Things that are here:
a tarantella corpse; a tarantella corpse The orb spider spins a strand of pure energy.
You block the orb of destruction.
The orb of destruction dissipates.
Casting: Frozen Ramparts (safe; 1% risk of failure)
Confirm with . or Enter, or press ? or * to list all spells.
Aiming: Freezing Cloud (dangerous; 6% risk of failure)
Press: ? - help, Dir - move target, f - orb spider
Aim: an orb spider (fully charged)
The orb spider is engulfed in freezing vapours.
The orb spider weaves a glowing orb of energy.
An orb of destruction comes into view.
The orb spider spins a strand of pure energy.
The orb of destruction hits you!!!
Unknown command.
Casting: Freezing Cloud (dangerous; 6% risk of failure)
Confirm with . or Enter, or press ? or * to list all spells.
Casting: Frozen Ramparts (safe; 1% risk of failure)
Press: ? - help, Dir - look around, f - activate The walls around you are covered in ice.
The wall freezes the orb spider!
The orb spider weaves a glowing orb of energy.
An orb of destruction comes into view.
The wall freezes the orb spider!
The orb spider begins to weave its threads into a brightly glowing ball.
You block the orb of destruction.
The orb of destruction dissipates.
The wall freezes the orb spider.
Your frozen ramparts will break if you move.
Continue?
You rampage towards the orb spider!
The frozen ramparts melt away as you move.
You hit the orb spider.
The orb spider is almost dead.
You rampage towards the orb spider!
You slash the orb spider!
Lightning courses through the orb spider!
You kill the orb spider!
You start resting.
A tarantella comes into view.
Casting: Frozen Ramparts (safe; 1% risk of failure)
Confirm with . or Enter, or press ? or * to list all spells.
Casting: Frozen Ramparts (safe; 1% risk of failure)
Press: ? - help, Dir - look around, f - activate The walls around you are covered in ice.
The tarantella's many legs skitter faintly.
The tarantella is engulfed in freezing vapours.
Casting: Frozen Ramparts (safe; 1% risk of failure)
Confirm with . or Enter, or press ? or * to list all spells.
A film of ice covers your body!
The wall freezes the tarantella!
The wall freezes the tarantella.
The wall freezes the tarantella.
You kill the tarantella!
Your icy armour cracks and falls away as you move.
The frozen ramparts melt away as you move.
You see here a tarantella corpse.
You start resting.
Magic restored.
You start resting.
HP restored.
You are caught in the web!
There is a web here.
You struggle to detach yourself from the web.
You disentangle yourself.
You pick your way through the web.
There is a web here.
A tarantella comes into view.
Casting: Ozocubu's Armour (safe; 1% risk of failure)
Confirm with . or Enter, or press ? or * to list all spells.
Casting: Frozen Ramparts (safe; 1% risk of failure)
Press: ? - help, Dir - look around, f - activate The walls around you are covered in ice.
The tarantella's many legs skitter faintly.
The wall freezes the tarantella.
The tarantella closely misses you.
You slash the tarantella!
The tarantella is heavily wounded.
The wall freezes the tarantella but does no damage.
The tarantella touches you.
You slash the tarantella!
You kill the tarantella!
You start resting.
The frozen ramparts melt away.
You see here a tarantella corpse.
You pick your way through the web.
There is a web, spattered with blood here.
A jorogumo is nearby!
Casting: Frozen Ramparts (safe; 1% risk of failure)
Confirm with . or Enter, or press ? or * to list all spells.
Casting: Frozen Ramparts (safe; 1% risk of failure)
Press: ? - help, Dir - look around, f - activate The walls around you are covered in ice.
The jorogumo shouts!
Casting: Frozen Ramparts (safe; 1% risk of failure)
Confirm with . or Enter, or press ? or * to list all spells.
A film of ice covers your body!
The wall freezes the jorogumo!
The wall freezes the jorogumo but does no damage.
You barely miss the jorogumo.
The jorogumo is lightly wounded.
You barely miss the jorogumo.
The jorogumo is lightly wounded.
The wall freezes the jorogumo but does no damage.
The jorogumo completely misses you.
You hit the jorogumo.
The jorogumo is lightly wounded.
The wall freezes the jorogumo.
The jorogumo stares at you and mumbles some strange words.
The stream of webbing hits you but does no damage.
You are caught in a web!
The web tears apart.
The wall freezes the jorogumo!
The jorogumo casts a spell at you.
The stream of webbing hits you but does no damage.
You are caught in a web!
The web tears apart.
The wall freezes the jorogumo!
You block the jorogumo's attack.
You closely miss the jorogumo.
The jorogumo is heavily wounded.
The wall freezes the jorogumo.
The jorogumo closely misses you.
You slash the jorogumo!
The jorogumo is heavily wounded.
The wall freezes the jorogumo!
You block the jorogumo's attack.
You slash the jorogumo!
The jorogumo is almost dead.
The wall freezes the jorogumo.
The jorogumo casts a spell at you.
The stream of webbing hits you but does no damage.
You are caught in a web!
You are caught in a web!
You are caught in a web!
You are caught in a web!
You are caught in a web!
The web tears apart.
The wall freezes the jorogumo but does no damage.
The jorogumo casts a spell at you.
The stream of webbing hits you but does no damage.
You are caught in a web!
You struggle to detach yourself from the web.
The wall freezes the jorogumo.
The jorogumo hits you but does no damage.
The web tears apart.
The wall freezes the jorogumo!
You kill the jorogumo!
You feel your intelligence returning.
Your Dodging skill increases to level 11!
Your icy armour cracks and falls away as you move.
The frozen ramparts melt away as you move.
Magic restored.
A redback comes into view.
You rampage towards the redback!
You rampage towards the redback!
You slash the redback! Lightning courses through the redback!
The redback is almost dead.
The redback barely misses you. The redback closely misses you.
You hit the redback.
The redback is almost dead.
You hit the redback.
You kill the redback!
Found 2 potions of degeneration.
Arachne the Weaver comes into view.
She is wielding a staff of poison.
Press: ? - help, v - describe, . - travel An open gate.
Removed exclusion.
Casting: Ozocubu's Armour (safe; 1% risk of failure)
Confirm with . or Enter, or press ? or * to list all spells.
Aiming: Freezing Cloud (dangerous; 6% risk of failure)
Press: ? - help, Dir - move target Arachne shouts!
You hear a skittering sound.
Arachne is engulfed in freezing vapours. x2
Casting: Freezing Cloud (dangerous; 6% risk of failure)
Confirm with . or Enter, or press ? or * to list all spells.
Aiming: Freezing Cloud (dangerous; 6% risk of failure)
Press: ? - help, Dir - move target Arachne is engulfed in freezing vapours.
A wolf spider comes into view.
You feel you are being watched by something.
You feel your power leaking away.
Really rampage into that cloud of freezing vapour?
Okay, then.
Casting: Freezing Cloud (dangerous; 6% risk of failure)
Confirm with . or Enter, or press ? or * to list all spells.
Aiming: Freezing Cloud (dangerous; 6% risk of failure)
Press: ? - help, Dir - move target Arachne is engulfed in freezing vapours. x2
Arachne mumbles some strange words.
Arachne blinks!
Casting: Freezing Cloud (dangerous; 6% risk of failure)
Confirm with . or Enter, or press ? or * to list all spells.
Aiming: Freezing Cloud (dangerous; 6% risk of failure)
Press: ? - help, Dir - move target, f - Arachne
Aim: Arachne, wielding a staff of poison (lightly wounded) Arachne is engulfed in freezing vapours.
You feel you are being watched by something.
You feel your power leaking away.
The wolf spider is engulfed in freezing vapours.
Arachne is engulfed in freezing vapours.
The wolf spider is engulfed in freezing vapours.
Arachne is engulfed in freezing vapours.
Arachne mumbles some strange words.
Arachne blinks!
The wolf spider is engulfed in freezing vapours.
Deactivating autopickup; reactivate with Ctrl-A.
You closely miss something. Something hits you!
Something hits you but does no damage. Something stings you.
Arachne is engulfed in freezing vapours.
Arachne stares at you and mumbles some strange words.
The poison arrow misses you.
You barely miss something.
The wolf spider is engulfed in freezing vapours.
Something hits you! Something hits you. Something barely misses you.
Arachne is engulfed in freezing vapours.
The wolf spider is engulfed in freezing vapours.
You miss something. Something hits you!
You feel clumsy. Something hits you but does no damage. Something stings you!
You feel clumsy.
You hit something but do no damage.
Arachne is engulfed in freezing vapours.
The wolf spider is engulfed in freezing vapours.
The wolf spider completely misses you. x2
Casting: Freezing Cloud (dangerous; 6% risk of failure)
Confirm with . or Enter, or press ? or * to list all spells.
Okay, then.
Okay, then.
Unknown command.
Okay, then.
Unknown command.
Okay, then.
Unknown command.
You hit something.
Arachne is engulfed in freezing vapours.
Arachne casts a spell.
Arachne blinks!
The wolf spider is engulfed in freezing vapours.
The wolf spider completely misses you. x2
You feel you are being watched by something.
You feel your power leaking away. Something closely misses you.
Something hits you.
You feel weakened. Something completely misses you.
You miss something.
Arachne is engulfed in freezing vapours.
The wolf spider is engulfed in freezing vapours.
The wolf spider barely misses you. The wolf spider bites you.
Something hits you but does no damage. Something barely misses you.
Something stings you!
You miss something.
The wolf spider is engulfed in freezing vapours.
You kill the wolf spider!
Arachne is engulfed in freezing vapours.
Something hits you!
You feel dopey. Something hits you.
Something stings you but does no damage.
You barely miss something.
Arachne is engulfed in freezing vapours.
You slash something!
You feel you are being watched by something.
Something hits you but does no damage. x2; Something barely misses you.
Arachne is engulfed in freezing vapours.
Arachne points her staff at you, shooting a stream of webbing.
The stream of webbing hits you but does no damage.
You are caught in a web!
The web tears apart.
Arachne is engulfed in freezing vapours.
You feel you are being watched by something.
Something hits you. x2; Something stings you.
Arachne hits you but does no damage. Arachne envenoms you.
You are poisoned.
You feel better.
You feel you are being watched by something.
You feel your power leaking away. Something closely misses you.
Something hits you but does no damage. Something completely misses you.
Arachne barely misses you. Something hits you. x2
You feel clumsy. Something stings you.
Okay, then.
Unknown command.
Press: ? - help, v - describe, . - travel
Here: Arachne, wielding a staff of poison (heavily wounded)
The floor.
You barely miss Arachne.
Arachne is heavily wounded.
Arachne barely misses you.
You feel you are being watched by something.
Something hits you! Something hits you but does no damage.
Something stings you.
You feel clumsy.
You slash Arachne!
Arachne is severely wounded.
Arachne's staff shoots out a stream of webbing.
The stream of webbing misses you.
You hit Arachne.
Arachne is severely wounded.
Reactivating autopickup.
You feel a bit more experienced. Arachne misses you.
You hit Arachne.
Arachne is severely wounded.
Arachne hits you but does no damage. Arachne envenoms you.
You hit Arachne. Lightning courses through Arachne!
Arachne is severely wounded.
Arachne casts a spell at you. The poison arrow hits you!
You are poisoned.
You partially resist.
* * * LOW HITPOINT WARNING * * *
You feel better.
Arachne hits you with a staff of poison!
* * * LOW HITPOINT WARNING * * *
Arachne envenoms you!
* * * LOW HITPOINT WARNING * * *
You are poisoned.
You slice Arachne!!
Arachne is almost dead.
You feel sick.
Arachne hits you with a staff of poison.
* * * LOW HITPOINT WARNING * * *
Arachne envenoms you!
* * * LOW HITPOINT WARNING * * *
You feel better.
Arachne's staff shoots out a stream of webbing.
The stream of webbing misses you.
Arachne hits you with a staff of poison!!
You die...

Skill      XL: |  1  2  3  4  5  6  7  8  9 10 11 12 13 14 15 16 |
---------------+-------------------------------------------------+-----
Stealth        | 2 3 4 5 6 |  6.0
Spellcasting   | 2 3 4 5 6 7 8 9 10 | 10.3
Ice Magic      | 4 5 6 7 8 9 |  9.0
Armour         | 1 2 4 5 6 |  6.0
Shields        | 1 3 4 5 6 |  6.0
Dodging        | 2 3 5 6 8 10 11 | 11.0
Fighting       | 1 2 4 5 6 7 9 10 | 10.0
Long Blades    | 1 3 7 9 11 13 14 | 14.0
Evocations     | 2 5 6 |  6.0
Air Magic      | 5 8 |  8.0
Conjurations   | 5 9 11 | 11.1
Fire Magic     | 4 |  4.5

Action                     |  1- 3 |  4- 6 |  7- 9 | 10-12 | 13-15 | 16-18 || total
---------------------------+-------+-------+-------+-------+-------+-------++-------
  Melee: Whip              |     6 |       |       |       |       |       ||     6
         Short sword       |     7 |     3 |       |       |       |       ||    10
         Spear             |       |   108 |    82 |       |       |       ||   190
         Punch             |       |       |     1 |       |       |       ||     1
         Long sword        |       |       |   194 |    72 |       |       ||   266
         Scimitar          |       |       |       |   478 |  1088 |       ||  1566
         Dagger            |       |       |       |     6 |     6 |     2 ||    14
         Demon blade       |       |       |       |       |       |   302 ||   302
  Throw: Stone             |       |     1 |     8 |     1 |       |       ||    10
         Boomerang         |       |     1 |       |     1 |     7 |       ||     9
         Dart              |       |       |       |     5 |    29 |     2 ||    36
         Throwing net      |       |       |       |       |     2 |       ||     2
         Javelin           |       |       |       |       |     4 |       ||     4
   Cast: Freeze            |    53 |    23 |       |     4 |       |       ||    80
         Frozen Ramparts   |     2 |    19 |    33 |    93 |   158 |    42 ||   347
         Ozocubu's Armour  |       |     5 |    27 |    62 |    48 |    18 ||   160
         Freezing Cloud    |       |       |       |       |    98 |    66 ||   164
  Evoke: Wand              |       |       |       |    11 |    10 |     9 ||    30
    Use: Scroll            |       |     5 |     6 |    12 |     6 |     4 ||    33
         Potion            |       |       |       |     7 |     5 |     9 ||    21
   Stab: Sleeping          |     5 |    11 |     1 |     9 |     8 |     2 ||    36
         Held in net/web   |       |       |       |       |     2 |       ||     2
 Armour: Robe              |    15 |    22 |       |       |       |       ||    37
         Ring mail         |       |    11 |    97 |   167 |   291 |   169 ||   735
         Chain mail        |       |       |       |    16 |       |       ||    16
  Dodge: Dodged            |    23 |    34 |   107 |   283 |   799 |   360 ||  1606
  Block: Other             |     4 |    18 |     5 |       |       |       ||    27
         Reflection        |       |     1 |     3 |     7 |       |       ||    11
         Buckler           |       |       |   140 |   223 |   244 |   108 ||   715

Levels and vault maps discovered:
D:1:      ncdulo_lavacross, layout_loops_corners
D:2:      layout_basic, shapermc_ecumenical_altar_mp_ritualfount
D:3:      layout_loops_cross
D:4:      layout_basic, grunt_dithmenos_smoke_and_mirrors, serial_shops,
          kennysheep_mini
D:5:      layout_loops_ring, overflow_temple_1_default,
          minmay_temple_entry_gardened_gates
D:6:      minmay_bubble_buster, layout_basic, mainiacjoe_overflow_brackets,
          grunt_qazlal_clouds, mainiacjoe_overflow_small_starburst
D:7:      layout_loops_ring, serial_shops,
          nicolae_shop_competitors_out_of_business
D:8:      layout_basic, enter_bailey_2, uniq_gastronok
D:9:      layout_roguey, nicolae_overflow_hidden_temple, lair_entry_dummy
D:10:     layout_roguey, mainiacjoe_overflow_alcove_1, uniq_erica
D:11:     layout_loops_ring, solitary_fountain, kennysheep_generic_room_15
D:12:     layout_stronghold, david_orc_3
D:13:     layout_cave_pools, uniq_sonja
D:14:     layout_rooms, skrybe_vaults_entry_preservation,
          hangedman_decor_points, grunt_decor_one_mirror
D:15:     grunt_enter_depths_snipers, layout_stronghold,
          hangedman_decor_diamond_cutter, serial_column_ruins,
          column_ruins_open_tiny, column_ruins_open_tiny_water,
          column_ruins_corridor_T, column_ruins_open_medium, uniq_nessos,
          uniq_rupert
Lair:1:   layout_small_grid, gauntlet_entry_generic, wad_woods_03, uniq_maggie
Lair:2:   layout_small_grid, spider_nest_entry_webs, minivault_25,
          grunt_megastairs_1
Lair:3:   layout_loops_ring, nicolae_shoals_entry_roost, uniq_snorg, uniq_urug
Lair:4:   layout_cave_shapes, grunt_megastairs_4
Lair:5:   evilmike_catoblepas_cave, layout_regular_city,
          nicolae_slime_entry_field_trip, nicolae_lair_run_with_the_wolves
Spider:1: nicolae_spider_hilbert_zone_2 [nicolae_spider_hilbert_4_sides_1_open,
          nicolae_spider_hilbert_4_sides_1_open,
          nicolae_spider_hilbert_4_sides_1_open,
          nicolae_spider_hilbert_4_sides_1_open,
          nicolae_spider_hilbert_6_sides_1_open,
          nicolae_spider_hilbert_6_sides_1_open,
          nicolae_spider_hilbert_3_sides_1_open,
          nicolae_spider_hilbert_3_sides_1_open,
          nicolae_spider_hilbert_3_sides_1_open,
          nicolae_spider_hilbert_3_sides_1_open,
          nicolae_spider_hilbert_6_sides_1_open,
          nicolae_spider_hilbert_6_sides_1_open,
          nicolae_spider_hilbert_6_sides_1_open,
          nicolae_spider_hilbert_6_sides_1_open]
Spider:2: layout_spider_delve, gammafunk_ghost_split
Spider:3: layout_spider_delve, gammafunk_ghost_arena, nicolae_crawler_farm,
          uniq_mara
Spider:4: johnstein_spider_rune_arachne_lair, nicolae_spider_scorpion_nest
Orc:1:    layout_caves
Orc:2:    pf_orc_diabolical, layout_caves, serial_shops,
          nicolae_shop_window_shopping

Notes
Turn   | Place    | Note
-------+----------+-------------------------------------------
     0 | D:1      | scionoferis the Demigod Ice Elementalist began the quest
                  | for the Orb.
     0 | D:1      | Reached XP level 1. HP: 14/14 MP: 5/5
   180 | D:1      | Reached skill level 2 in Stealth
   387 | D:1      | Reached XP level 2. HP: 20/20 MP: 2/7
   552 | D:1      | Reached skill level 2 in Spellcasting
   930 | D:1      | Reached skill level 4 in Ice Magic
  1413 | D:2      | Reached XP level 3. HP: 26/26 MP: 6/8
  1417 | D:2      | Learned a level 3 spell: Frozen Ramparts
  2056 | D:3      | Reached skill level 3 in Stealth
  2060 | D:3      | Reached XP level 4. HP: 33/33 MP: 2/10
  2146 | D:3      | Learned a level 3 spell: Ozocubu's Armour
  2903 | D:4      | Reached XP level 5. HP: 30/38 MP: 1/11
  3002 | D:4      | Reached skill level 4 in Stealth
  3241 | D:4      | Reached skill level 5 in Ice Magic
  3422 | D:4      | Found Zolafar's Distillery.
  3425 | D:4      | Bought a potion of curing for 33 gold pieces
  3425 | D:4      | Bought a potion of heal wounds for 55 gold pieces
  3653 | D:5      | Entered Level 5 of the Dungeon
  3849 | D:5      | Reached skill level 3 in Spellcasting
  3849 | D:5      | Reached XP level 6. HP: 45/45 MP: 7/13
  4074 | D:5      | Reached skill level 1 in Armour
  4193 | D:5      | Found a staircase to the Ecumenical Temple.
  4480 | D:6      | Reached skill level 6 in Ice Magic
  4629 | D:6      | Reached XP level 7. HP: 50/50 MP: 8/15
  4773 | D:6      | Reached skill level 2 in Armour
  5132 | D:6      | Reached skill level 4 in Spellcasting
  5139 | D:6      | Reached skill level 1 in Shields
  5251 | D:6      | Reached skill level 7 in Ice Magic
  5352 | D:6      | Reached XP level 8. HP: 57/57 MP: 10/17
  5564 | D:6      | Reached skill level 3 in Armour
  5615 | D:6      | Reached skill level 2 in Shields
  5913 | D:7      | Found Nimaih's Book Emporium.
  6203 | D:7      | Reached skill level 2 in Dodging
  6382 | D:7      | Reached skill level 8 in Ice Magic
  6540 | D:7      | Reached skill level 1 in Fighting
  6641 | D:7      | Reached skill level 3 in Shields
  6686 | D:7      | Reached skill level 4 in Armour
  6891 | D:7      | Reached skill level 1 in Long Blades
  6891 | D:7      | Reached XP level 9. HP: 54/64 MP: 18/20
  7023 | D:7      | Reached skill level 5 in Spellcasting
  7398 | D:8      | Noticed Gastronok
  7419 | D:8      | Killed Gastronok
  7420 | D:8      | Reached skill level 2 in Fighting
  7420 | D:8      | Reached skill level 3 in Long Blades
  7420 | D:8      | Reached skill level 3 in Dodging
  7420 | D:8      | Reached skill level 5 in Stealth
  7458 | D:8      | Found a flagged portal.
  7474 | Bailey   | Entered a bailey
  7940 | Bailey   | Reached skill level 4 in Shields
  8235 | Bailey   | Reached XP level 10. HP: 71/75 MP: 16/22
  8275 | Bailey   | Reached skill level 3 in Fighting
  8275 | Bailey   | Reached skill level 4 in Long Blades
  8423 | Bailey   | Reached skill level 5 in Armour
  9035 | Bailey   | Reached skill level 4 in Dodging
  9910 | D:8      | Reached skill level 6 in Spellcasting
 10371 | D:9      | Found a staircase to the Lair.
 10546 | D:9      | Reached skill level 5 in Long Blades
 10777 | D:9      | Reached skill level 4 in Fighting
 10777 | D:9      | Reached skill level 5 in Shields
 11133 | D:10     | Entered Level 10 of the Dungeon
 11133 | D:10     | Noticed Erica
 11185 | D:10     | Reached skill level 6 in Long Blades
 11221 | D:10     | Killed Erica
 11222 | D:10     | Reached skill level 5 in Dodging
 11223 | D:10     | HP: 8/80 [poisoned by Erica (bolt of poison)]
 11228 | D:10     | HP: 3/80 [poisoned by Erica (bolt of poison)]
 11617 | D:10     | Reached skill level 7 in Long Blades
 11675 | D:10     | You fall into a shaft and drop 3 floors!
 11687 | D:13     | Noticed a centaur warrior
 11700 | D:13     | Reached XP level 11. HP: 65/85 MP: 17/24
 11704 | D:13     | Killed a centaur warrior
 11705 | D:13     | Reached skill level 5 in Fighting
 12168 | D:10     | Reached skill level 8 in Long Blades
 13187 | D:11     | Noticed a catoblepas
 13842 | D:11     | HP: 8/86 [catoblepas (24)]
 14112 | D:12     | Found a staircase to the Orcish Mines.
 14125 | D:12     | Reached skill level 1 in Evocations
 14563 | D:12     | Noticed a two-headed ogre
 14577 | D:12     | Killed a two-headed ogre
 15031 | D:12     | Reached skill level 9 in Long Blades
 15532 | D:13     | Noticed Sonja
 15552 | D:13     | Killed Sonja
 15553 | D:13     | Reached skill level 2 in Evocations
 15557 | D:13     | HP: 8/88 [poisoned by Sonja]
 15812 | D:13     | Noticed a two-headed ogre
 15929 | D:13     | Killed a two-headed ogre
 16483 | D:4      | Bought a potion of invisibility for 88 gold pieces
 16483 | D:4      | Bought a potion of attraction for 33 gold pieces
 16483 | D:4      | Bought a potion of berserk rage for 55 gold pieces
 16483 | D:4      | Bought a potion of brilliance for 44 gold pieces
 16617 | Lair:1   | Entered Level 1 of the Lair of Beasts
 16696 | Lair:1   | Found a gate leading to a gauntlet.
 16743 | Gauntlet | Entered a Gauntlet
 16743 | Gauntlet | Found a transporter.
 16743 | Gauntlet | Found a transporter.
 16849 | Gauntlet | Found a transporter.
 16862 | Gauntlet | Found a transporter.
 16862 | Gauntlet | Found a transporter.
 16863 | Gauntlet | Noticed a death scarab
 16864 | Gauntlet | Found a transporter.
 16865 | Gauntlet | Found a transporter.
 16873 | Gauntlet | Noticed a ghost crab
 16876 | Gauntlet | Found a transporter.
 16889 | Gauntlet | Noticed a hell hog
 16892 | Gauntlet | Found a transporter.
 16899 | Gauntlet | Noticed a thrashing horror
 16902 | Gauntlet | Found a transporter.
 16903 | Gauntlet | Noticed a thrashing horror
 16916 | Gauntlet | Found a transporter.
 16950 | Gauntlet | Found a transporter.
 16950 | Gauntlet | Found a transporter.
 16951 | Gauntlet | Found the amulet of the Four Winds {rN+ Will+++ Clar}
 16963 | Gauntlet | Found a transporter.
 17313 | Gauntlet | Killed a death scarab
 17314 | Gauntlet | Reached XP level 12. HP: 68/95 MP: 19/25
 17319 | Gauntlet | Reached skill level 6 in Stealth
 17408 | Gauntlet | Killed a ghost crab
 17441 | Gauntlet | Identified the +0 helmet of Analysis {*Corrode rN+ Will+
                  | Int+2}
 17501 | Gauntlet | Identified the +4 ring mail of Card Tricks {Rampage Drain
                  | Will+}
 17501 | Gauntlet | Noticed a minotaur
 17516 | Gauntlet | Killed a minotaur
 17517 | Gauntlet | Reached skill level 6 in Dodging
 17517 | Gauntlet | Reached skill level 6 in Shields
 17517 | Gauntlet | Reached skill level 3 in Evocations
 17808 | Lair:1   | Noticed Maggie
 17814 | Lair:1   | Killed Maggie
 17962 | Lair:1   | Reached skill level 6 in Fighting
 18690 | Lair:1   | Reached skill level 6 in Armour
 18910 | D:4      | Bought a potion of heal wounds for 55 gold pieces
 18910 | D:4      | Bought a potion of curing for 33 gold pieces
 19180 | Lair:2   | Reached skill level 10 in Long Blades
 19519 | Lair:2   | Found a hole to the Spider Nest.
 19609 | Lair:2   | Reached skill level 4 in Evocations
 20353 | Lair:3   | Reached skill level 7 in Spellcasting
 20432 | Lair:3   | Reached skill level 11 in Long Blades
 20452 | Lair:3   | Noticed Urug
 20504 | Lair:3   | Found a staircase to the Shoals.
 20622 | Lair:3   | Killed Urug
 20919 | Lair:3   | Noticed Snorg
 20930 | Lair:3   | Killed Snorg
 20931 | Lair:3   | Reached skill level 5 in Evocations
 21718 | Lair:4   | Reached XP level 13. HP: 102/102 MP: 22/28
 22353 | Lair:5   | Entered Level 5 of the Lair of Beasts
 22553 | Lair:5   | Reached skill level 12 in Long Blades
 22632 | Lair:5   | Reached skill level 6 in Evocations
 22651 | Lair:5   | Identified the +7 dagger of Gozag's Reproof {vamp, rF-
                  | Str+7}
 22671 | Lair:5   | Found a staircase to the Slime Pits.
 22859 | Lair:5   | Reached skill level 8 in Spellcasting
 23287 | Lair:5   | Reached skill level 13 in Long Blades
 23568 | Lair:5   | Reached skill level 7 in Dodging
 24032 | Lair:5   | Reached skill level 7 in Fighting
 24234 | Lair:5   | Reached skill level 8 in Dodging
 25130 | Orc:1    | Entered Level 1 of the Orcish Mines
 25290 | D:7      | Bought the Notes on Bombardment for 208 gold pieces
 25297 | D:7      | Learned a level 5 spell: Freezing Cloud
 25415 | Orc:2    | Entered Level 2 of the Orcish Mines
 26240 | Orc:2    | Reached XP level 14. HP: 102/113 MP: 25/30
 26244 | Orc:2    | Reached skill level 1 in Air Magic
 26330 | Orc:2    | Reached skill level 1 in Conjurations
 26714 | Orc:2    | Found Voluigan's Magic Scroll Emporium.
 27085 | Orc:2    | Found a staircase to the Elven Halls.
 27222 | Orc:2    | Reached skill level 14 in Long Blades
 27413 | Orc:2    | Found Zogafr Paqye's Magic Scroll Shop.
 27425 | Orc:2    | Found Qaphy's General Store.
 27561 | Orc:2    | Bought a scroll of blinking for 120 gold pieces
 27563 | Orc:2    | Bought a potion of heal wounds for 75 gold pieces
 27619 | Orc:2    | Reached skill level 2 in Conjurations
 27619 | Orc:2    | Reached skill level 2 in Air Magic
 27813 | Orc:2    | Reached skill level 9 in Dodging
 28172 | Orc:2    | Reached skill level 3 in Conjurations
 28172 | Orc:2    | Reached skill level 3 in Air Magic
 28302 | Orc:2    | Found Keidweut's Jewellery Emporium.
 28302 | Orc:2    | Found Sicor's Antique Weapon Shoppe.
 28303 | Orc:2    | Found a one-way gate leading to the halls of Pandemonium.
 28308 | Orc:2    | Reached skill level 8 in Fighting
 28511 | Orc:2    | Bought 3 scrolls of identify for 78 gold pieces
 28515 | Orc:2    | Identified a potion of resistance
 28521 | Orc:2    | Bought a scroll of identify for 26 gold pieces
 29366 | D:14     | Reached skill level 10 in Dodging
 29400 | D:14     | Reached skill level 4 in Conjurations
 29534 | D:14     | Reached skill level 4 in Air Magic
 29665 | D:14     | Found a gate to the Vaults.
 29665 | D:14     | Noticed an ironbound preserver
 29684 | D:14     | Killed an ironbound preserver
 30047 | D:15     | Entered Level 15 of the Dungeon
 30110 | D:15     | Noticed Nessos
 30142 | D:15     | Killed Nessos
 30185 | D:15     | Reached skill level 5 in Conjurations
 30190 | D:15     | Reached skill level 5 in Air Magic
 30482 | D:15     | Reached skill level 9 in Fighting
 30510 | D:15     | Noticed Rupert
 30522 | D:15     | Killed Rupert
 31126 | D:15     | Reached XP level 15. HP: 125/125 MP: 21/31
 31128 | D:15     | Reached skill level 6 in Conjurations
 31189 | D:15     | Reached skill level 6 in Air Magic
 31325 | D:15     | Identified the +10 trident "Zoytsiji" {drain, rF- Will+++
                  | Int-2 Dex+8}
 31810 | D:15     | Found a staircase to the Depths.
 32168 | D:15     | Learned a level 3 spell: Swiftness
 32307 | D:9      | Upgraded the game from 0.30-a0-715-gdb4ae3ece1 to
                  | 0.30-a0-722-g3e6e8c874d
 32371 | Spider:1 | Entered Level 1 of the Spider Nest
 32681 | Spider:1 | Reached skill level 10 in Fighting
 32922 | Spider:1 | Reached skill level 7 in Conjurations
 33138 | Spider:1 | Reached skill level 7 in Air Magic
 34266 | Spider:1 | Upgraded the game from 0.30-a0-722-g3e6e8c874d to
                  | 0.30-a0-723-gc1506a1cf0
 34663 | Spider:1 | Reached skill level 8 in Conjurations
 34935 | Spider:1 | Reached skill level 8 in Air Magic
 36544 | Spider:2 | Found a runed translucent gate.
 36544 | Spider:2 | Found a runed translucent gate.
 36545 | Spider:2 | Found a runed translucent gate.
 36546 | Spider:2 | Noticed purpskrrrp's ghost (adept MfFi)
 37280 | Spider:3 | Found a transporter.
 37283 | Spider:3 | Found a transporter.
 37283 | Spider:3 | Noticed Jufurghi's ghost (adept OpTm)
 37639 | Spider:3 | Reached skill level 9 in Ice Magic
 37842 | Spider:3 | Reached skill level 9 in Conjurations
 37872 | Spider:3 | Reached skill level 9 in Spellcasting
 37961 | Spider:3 | Noticed Mara
 37979 | Spider:3 | Noticed scionoferis's illusion
 38239 | Spider:3 | Noticed scionoferis's illusion
 38255 | Spider:3 | Killed Mara
 38256 | Spider:3 | Reached XP level 16. HP: 51/134 MP: 15/34
 40291 | Spider:3 | Reached skill level 10 in Conjurations
 40654 | Spider:3 | Learned a level 5 spell: Fireball
 40676 | Spider:4 | Entered Level 4 of the Spider Nest
 40849 | Spider:4 | Reached skill level 1 in Fire Magic
 41238 | Spider:4 | Reached skill level 2 in Fire Magic
 41605 | Spider:4 | Reached skill level 10 in Spellcasting
 41966 | Spider:4 | Reached skill level 3 in Fire Magic
 41985 | Spider:3 | Learned a level 1 spell: Apportation
 42350 | Spider:4 | HP: 7/134 [poisoned by an emperor scorpion]
 42734 | Spider:4 | Reached skill level 4 in Fire Magic
 43024 | Spider:4 | Reached skill level 11 in Conjurations
 43418 | Spider:4 | Reached skill level 11 in Dodging
 43469 | Spider:4 | Noticed Arachne
 43493 | Spider:4 | HP: 11/134 [Arachne/staff of poison (9)]
 43494 | Spider:4 | Slain by Arachne

Vanquished Creatures
  Mara (Spider:3)
  Rupert (D:15)
  Gastronok (D:8)
  10 emperor scorpions (Spider:1 Spider:3 Spider:4)
  5 ghost moths (Spider:1 Spider:3 Spider:4)
  An ironbound preserver (D:14)
  4 broodmothers (Spider:1 Spider:2 Spider:3)
  A stone giant (D:15)
  Nessos (D:15)
  A spark wasp (Spider:4)
  A minotaur (Gauntlet)
  Snorg (Lair:3)
  An ettin (Orc:1)
  A fire dragon (D:15)
  An entropy weaver (Spider:1)
  A rakshasa (D:15)
  Erica (D:10)
  3 hydras (Lair:4 Lair:5 D:15)
  2 jorogumos (Spider:4)
  An ogre mage (D:15)
  4 catoblepae (Lair:5 D:11)
  A ghost crab (Gauntlet)
  4 centaur warriors (D:13 D:14 D:15)
  7 two-headed ogres (D:12 D:13 D:14 D:15)
  6 radroaches (Spider:1 Spider:2 Spider:3 Spider:4)
  3 boulder beetles (D:14)
  A demonspawn (Orc:2)
  A death scarab (Gauntlet)
  3 tengu warriors (D:15)
  Urug (Lair:3)
  12 death yaks (Lair:4 Lair:5)
  Sonja (D:13)
  7 orc high priests (Orc:2)
  A sun moth (Spider:3)
  2 pharaoh ants (Spider:1 Spider:2)
  11 orb spiders (Spider:1 Spider:2 Spider:3 Spider:4)
  2 harpies (Lair:3)
  A deep elf pyromancer (D:15)
  2 lindwurms (Lair:4 Lair:5)
  13 steelbarb worms (Spider:1 Spider:2 Spider:3 Spider:4)
  22 ugly things (D:11 D:14 D:15)
  16 wolf spiders (Lair:5 Spider:1 Spider:2 Spider:3 Spider:4)
  5 orc knights (Orc:2)
  6 orc sorcerers (Orc:1 Orc:2)
  4 cyclopes (D:11 D:12 D:13 D:14)
  A wizard (D:15)
  4 manticores (D:13 Lair:5 D:15)
  2 moths of wrath (Spider:1 Spider:3)
  4 black mambas (Lair:2 Lair:3 Lair:5)
  21 demonic crawlers (Spider:1 Spider:2 Spider:3 Spider:4)
  A gargoyle (D:14)
  6 torpor snails (Lair:4 Spider:3 Spider:4)
  7 cane toads (Lair:1 Lair:2 Lair:4 Lair:5)
  An unseen horror (D:10)
  2 rime drakes (Lair:4)
  A freezing wraith (D:14)
  9 komodo dragons (D:13 Lair:3 Lair:4 Lair:5)
  Maggie (Lair:1)
  A yaktaur (shapeshifter) (D:15)
  An efreet (D:14)
  3 trolls (Orc:1 Orc:2)
  3 meliai (D:15)
  2 red devils (Orc:2)
  3 polar bears (Lair:1 Lair:4 Lair:5)
  A raiju (Gauntlet)
  29 tarantellas (Spider:1 Spider:2 Spider:3 Spider:4)
  3 blink frogs (Lair:4)
  11 slime creatures (D:12 D:14 D:15)
  A spectral black mamba (Gauntlet)
  17 jumping spiders (Spider:1 Spider:2 Spider:3 Spider:4)
  A spriggan (Lair:1)
  A shadow (D:11)
  2 centaur simulacra (D:14)
  18 culicivoras (Spider:1 Spider:2 Spider:3 Spider:4)
  A vampire (D:14)
  A ynoxinul (Orc:2)
  5 wyverns (D:8 D:10 Lair:4 Lair:5)
  50 yaks (D:9 D:10 Lair:1 Lair:2 Lair:3)
  4 basilisks (Lair:2 Lair:3 Lair:4 Lair:5)
  3 wraiths (D:11 D:13)
  A hog (shapeshifter) (D:13)
  2 steam dragons (Gauntlet)
  A chaos spawn (Orc:2)
  60 redbacks (Spider:1 Spider:2 Spider:3 Spider:4)
  2 wargs (D:12 Orc:1)
  2 acid dragons (D:11 D:13)
  15 water moccasins (D:6 Lair:1 Lair:2 Lair:3 Lair:4)
  35 orc warriors (D:7 Bailey D:10 D:12 Orc:1)
  2 sky beasts (D:6 D:8)
  2 ice beasts (D:6 D:7)
  3 black bears (D:5 D:6 Lair:2)
  14 centaurs (Bailey D:9 D:11 D:12 D:15)
  9 ogres (D:6 D:7 Orc:1 Orc:2 D:15)
  11 wolves (Lair:5)
  A kobold brigand (D:6)
  A phantom (D:6)
  A necrophage (D:5)
  13 bullfrogs (D:6 Lair:1 Lair:2 Lair:3 Lair:4)
  4 scorpions (D:4 D:6)
  2 gnoll sergeants (D:10)
  17 wights (D:7 D:6 D:10)
  4 killer bees (D:8)
  2 howler monkeys (D:6 D:11)
  A crimson imp (Spider:3)
  7 jellies (D:5 D:6 Lair:5)
  21 orc priests (D:6 D:9 D:10 D:11 D:12)
  2 hounds (D:7)
  2 gnoll boudas (D:7 D:8)
  16 hell rats (Lair:2 Lair:5)
  20 orc wizards (D:6 D:8 D:9 D:10 D:11)
  3 iguanas (D:5 D:6)
  24 gnolls (D:3 D:4 D:7 D:8 D:10)
  8 adders (D:2 D:3 D:4 D:5 D:6)
  4 white imps (D:5 D:6 D:7)
  2 ufetubi (D:4 D:5)
  2 worms (D:3)
  3 dart slugs (D:1 D:5)
  65 orcs (D:5 D:6 D:7 Bailey D:8)
  3 ball pythons (D:1 D:2)
  7 endoplasms (D:1 D:4)
  6 giant cockroaches (D:1 D:2 D:3 D:4)
  6 goblins (D:2 D:3 D:4)
  10 hobgoblins (D:1 D:3 D:4)
  3 jackals (D:3)
  3 quokkas (D:1 D:4)
  5 bats (D:1 D:2 D:3)
  4 frilled lizards (D:1 D:3)
  10 kobolds (D:1 D:2 D:3 D:4 D:6)
  5 rats (D:1 D:2 D:3)
842 creatures vanquished.

Vanquished Creatures (others)
  24 fungi (Lair:1 Lair:2 Lair:3 Lair:4 Lair:5)
  41 plants (Lair:1 Lair:2 Lair:3 Lair:4 Lair:5)
65 creatures vanquished.

Grand Total: 907 creatures vanquished

Table legend: (Time is in decaauts)
 A = Elapsed time spent in this place.
 B = Non-inter-level travel time spent in this place.
 C = Inter-level travel time spent in this place.
 D = Time resting spent in this place.
 E = Time spent auto-exploring this place.
 F = Levels seen in this place.
 G = Mean time per level.
                   A        B        C        D        E       F      G
               +--------+--------+--------+--------+--------+-----+--------+
         Total |  43337 |  40207 |   3130 |  10590 |  20348 |  28 | 1547.8 |
       Dungeon |  19200 |  17499 |   1701 |   3223 |  10480 |  15 | 1280.0 |
          Lair |   7335 |   6300 |   1035 |    860 |   4001 |   5 | 1467.0 |
   Spider Nest |  10493 |  10202 |    291 |   4444 |   4068 |   4 | 2623.2 |
  Orcish Mines |   3139 |   3036 |    103 |    850 |   1332 |   2 | 1569.5 |
        Bailey |   2228 |   2228 |      0 |   1011 |    186 |   1 | 2228.0 |
      Gauntlet |    940 |    940 |      0 |    200 |    280 |   1 |  940.0 |
               +--------+--------+--------+--------+--------+-----+--------+

Top non-repeatable levels by time:
Spider:3: 3293 daAuts
Spider:1: 3289 daAuts
Spider:4: 2395 daAuts
  Bailey: 2228 daAuts
    D:14: 2167 daAuts
  Lair:5: 2093 daAuts
   Orc:2: 2066 daAuts
    D:11: 1808 daAuts
     D:6: 1712 daAuts
  Lair:2: 1645 daAuts
Spider:2: 1515 daAuts
     D:7: 1440 daAuts
  Lair:1: 1420 daAuts
    D:10: 1411 daAuts
     D:1: 1400 daAuts

Table legend:
 A = Non-vault XP
 B = Vault XP
 C = Vault XP percentage of total XP
 D = Non-vault monster count
 E = Vault monster count
 F = Vault count percentage of total count
                 A         B        C        D         E       F
            +---------+---------+-------+---------+---------+-------
      Total |  142729 |   90735 |  38.9 |     602 |     240 |  28.5
            +---------+---------+-------+---------+---------+-------
        D:1 |      45 |       0 |   0.0 |      25 |       0 |   0.0
        D:2 |      26 |       0 |   0.0 |       9 |       0 |   0.0
        D:3 |     117 |       0 |   0.0 |      22 |       0 |   0.0
        D:4 |     205 |       0 |   0.0 |      22 |       0 |   0.0
        D:5 |     335 |       0 |   0.0 |       9 |       0 |   0.0
        D:6 |    1228 |     469 |  27.6 |      22 |       7 |  24.1
        D:7 |    1127 |       0 |   0.0 |      24 |       0 |   0.0
        D:8 |     742 |    1492 |  66.8 |      14 |       1 |   6.7
        D:9 |    1951 |       0 |   0.0 |      18 |       0 |   0.0
       D:10 |    2786 |     860 |  23.6 |      30 |       1 |   3.2
       D:11 |    2724 |     425 |  13.5 |      15 |       2 |  11.8
       D:12 |    2456 |     288 |  10.5 |      15 |       5 |  25.0
       D:13 |    3680 |     782 |  17.5 |       8 |       1 |  11.1
       D:14 |    3932 |    6086 |  60.8 |      11 |       9 |  45.0
       D:15 |   23640 |    5610 |  19.2 |      43 |       5 |  10.4
     Lair:1 |    1792 |     579 |  24.4 |       9 |       2 |  18.2
     Lair:2 |    5176 |     230 |   4.3 |      36 |       2 |   5.3
     Lair:3 |    4451 |    2956 |  39.9 |      18 |       4 |  18.2
     Lair:4 |    4587 |    1532 |  25.0 |      13 |       4 |  23.5
     Lair:5 |   11136 |   12841 |  53.6 |      32 |      39 |  54.9
   Spider:1 |   21254 |    6119 |  22.4 |      59 |       9 |  13.2
   Spider:2 |    9805 |       0 |   0.0 |      28 |       0 |   0.0
   Spider:3 |   19208 |    7074 |  26.9 |      44 |       8 |  15.4
   Spider:4 |   14672 |   23103 |  61.2 |      34 |      43 |  55.8
      Orc:1 |    3185 |     171 |   5.1 |      21 |       3 |  12.5
      Orc:2 |    2469 |   14031 |  85.0 |      21 |      51 |  70.8
     Bailey |       0 |    2570 | 100.0 |       0 |      37 | 100.0
   Gauntlet |       0 |    3517 | 100.0 |       0 |       7 | 100.0
            +---------+---------+-------+---------+---------+-------
